 Dungeon Crawl Stone Soup version 0.27.0-1-g7a089689b8 (webtiles) character file.

Game seed: 6487067846241303448

84 Acheron the Bolt Thrower (level 4, -8/33 HPs)
             Began as a Hill Orc Hunter on Aug 1, 2021.
             Was a Follower of Hepliaklqana.
             Splashed by a goblin's acid (12 damage)
             ... on level 3 of the Dungeon.
             The game lasted 00:08:56 (2271 turns).

Acheron the Bolt Thrower (Hill Orc Hunter)          Turns: 2271, Time: 00:08:56

Health: -8/33      AC:  5    Str: 14    XL:     4   Next: 45%
Magic:  4/4        EV: 11    Int: 11    God:    Hepliaklqana [*.....]
Gold:   63         SH:  0    Dex: 12    Spells: 3/3 levels left

rFire    . . .     SeeInvis .   b - +0 short sword
rCold    . . .     Faith    .   (no shield)
rNeg     . . .     Spirit   .   g - +0 ring mail
rPois    .         Reflect  .   (no helmet)
rElec    .         Harm     .   (no cloak)
rCorr    .         Rampage  .   (no gloves)
Will     .....                  (no boots)
Stlth    +.........             (no amulet)
HPRegen  0.11/turn              (no ring)
MPRegen  0.09/turn              (no ring)

@: no status effects
A: reduced essence
a: Renounce Religion, Recall Ancestor, Ancestor Identity


You were on level 3 of the Dungeon.
You worshipped Hepliaklqana.
Hepliaklqana was aware of your devotion.
You visited 1 branch of the dungeon, and saw 3 of its levels.

You collected 63 gold pieces.

Inventory:

Hand Weapons
 a - a +1 hand crossbow
 b - a +0 short sword (weapon)
 k - a +0 dagger of holy wrath
Missiles
 d - 46 bolts
 i - 3 silver boomerangs (quivered)
 l - 4 poisoned darts
Armour
 g - a +0 ring mail (worn)
Scrolls
 m - a scroll of brand weapon {unknown}
 n - 3 scrolls of enchant weapon {unknown}
Potions
 c - a potion of degeneration {unknown}
 e - a potion of curing {unknown}
 f - a potion of attraction {unknown}
 h - a potion of resistance {unknown}
 j - 3 potions of mutation {unknown}


   Skills:
 * Level 2.9 Fighting
 + Level 1.2 Short Blades
 + Level 4.0 Crossbows
 * Level 1.6 Armour
 * Level 1.9 Dodging
 * Level 1.8 Stealth


You had 3 spell levels left.
You didn't know any spells.
Your spell library was empty.

Dungeon Overview and Level Annotations

Branches:
Dungeon (3/15)

Altars:
Hepliaklqana


Message History

Unknown command.
You hit the giant cockroach.
You kill the giant cockroach!
Things that are here:
a +0 mace; an orc corpse A bat comes into view.
The bat moves out of view.
Things that are here:
a +0 short sword; a kobold corpse The bat barely misses you.
A kobold comes into view. It is wielding a +0 club.
You hit the kobold.
The kobold is heavily wounded.
The bat barely misses Carlos.
The kobold closely misses you.
You hit the kobold but do no damage.
The kobold is heavily wounded.
The bat hits you but does no damage. The kobold hits you with a +0 club.
Carlos misses the kobold.
You hit the kobold.
The kobold is severely wounded.
The kobold hits you but does no damage. The bat closely misses you.
Carlos hits the kobold.
The kobold dies!
You barely miss the bat. The bat hits you but does no damage.
The bat closely misses you. The bat hits you but does no damage.
Carlos barely misses the bat.
Things that are here:
a +0 mace; an orc corpse You barely miss the bat.
The bat closely misses you. x2
Carlos closely misses the bat.
The bat barely misses Carlos.
The bat hits Carlos but does no damage.
The bat hits you but does no damage.
Carlos hits the bat.
The bat dies!
A goblin comes into view.
It is wielding a +0 club and carrying a wand of acid (6).
The goblin shouts!
The goblin moves out of view.
The goblin zaps a wand.
The bolt of acid hits you!
* * * LOW HITPOINT WARNING * * *
You are splashed with acid!
You die...

.. #.# ###.# ..#.#
#.#.# # #.#.#
.#.####.#.########
..........@.......
.......#.#.##.##g.. .
.........R........ #.
#.#.##.#.#.##.##..
#.. #.#.##.#.#.# # ##
....##.#.##)#.#.##
.................#.
.....#...............
......<.).)..........


You could see the friendly Carlos the ancestor and a goblin.

Vanquished Creatures
  An adder (D:2)
  A dart slug (D:1)
  5 bats
  7 endoplasms
  3 giant cockroaches
  2 goblins (D:1)
  7 hobgoblins
  5 jackals (D:1)
  9 kobolds
  3 quokkas (D:1)
  2 ball pythons (D:1)
  7 frilled lizards
  3 rats
55 creatures vanquished.

Vanquished Creatures (collateral kills)
  An orc (D:3)
  2 bats
  2 giant cockroaches (D:2)
  A kobold (D:3)
  A quokka (D:2)
7 creatures vanquished.

Vanquished Creatures (others)
  4 plants (D:1)
  5 toadstools (D:1)
  9 withered plants (D:2)
18 creatures vanquished.

Grand Total: 80 creatures vanquished

Notes
Turn   | Place    | Note
-------+----------+-------------------------------------------
     0 | D:1      | Acheron the Hill Orc Hunter began the quest for the Orb.
     0 | D:1      | Reached XP level 1. HP: 18/18 MP: 1/1
    72 | D:1      | Reached XP level 2. HP: 17/25 MP: 2/2
   211 | D:1      | Reached skill level 1 in Stealth
   468 | D:1      | Reached skill level 4 in Crossbows
   688 | D:1      | Reached XP level 3. HP: 27/30 MP: 3/3
  1074 | D:1      | Reached skill level 1 in Armour
  1926 | D:2      | Found a faded altar of an unknown god.
  1937 | D:2      | Reached skill level 1 in Short Blades
  1937 | D:2      | Reached XP level 4. HP: 35/37 MP: 4/4
  1949 | D:2      | Became a worshipper of Hepliaklqana the Forgotten
  1949 | D:2      | Reached * piety under Hepliaklqana
  2271 | D:3      | Splashed by a goblin's acid

Illustrated notes

Levels and vault maps discovered:
D:1:      ldierk_walled_garden, layout_loops_ring, minmay_split_cup_small
D:2:      minmay_roachtagon, layout_loops_ring,
          ebering_ecumenical_altar_petrified
D:3:      layout_basic, nicolae_overflow_hidden_temple, serial_shops, shop,
          corexii_item_surrounded_by_moat

Skill      XL: |  1  2  3 |
---------------+----------+-----
Stealth        | 1 |  1.8
Crossbows      | 4 |  4.0
Armour         | 1 |  1.6
Short Blades   | 1 |  1.2
Fighting       | |  2.9
Dodging        | |  1.9

Action                   |  1- 3 |  4- 6 || total
-------------------------+-------+-------++-------
Melee: Short sword       |   203 |    35 ||   238
 Fire: Hand crossbow     |     6 |     2 ||     8
Invok: Ancestor Identity |       |     1 ||     1
  Use: Scroll            |     3 |       ||     3
Armor: Leather armour    |    27 |       ||    27
       Ring mail         |    60 |    18 ||    78
Dodge: Dodged            |   125 |    26 ||   151
